 Dungeon Crawl Stone Soup version 0.27.1-34-g3ba077fa99 (webtiles) character file.

Game seed: 5275996492340261636

1372 hawla the Conjurer (level 8, -5/68 HPs)
             Began as a Purple Draconian Conjurer on Jan 11, 2022.
             Was an Initiate of Vehumet.
             Slain by a komodo dragon (8 damage)
             ... on level 6 of the Dungeon on Jan 12, 2022.
             The game lasted 00:24:19 (7192 turns).

hawla the Conjurer (Purple Draconian Conjurer)      Turns: 7192, Time: 00:24:20

Health: -5/68      AC: 10    Str: 11    XL:     8   Next: 38%
Magic:  0/17       EV: 12    Int: 20    God:    Vehumet [......]
Gold:   300        SH:  0    Dex:  9    Spells: 8/19 levels left

rFire    + . .     SeeInvis .   b - +3 quarterstaff (chaos)
rCold    x . .     Faith    .   (shield currently unavailable)
rNeg     . . .     Spirit   .   (armour unavailable)
rPois    .         Reflect  .   (helmet restricted)
rElec    .         Harm     .   k - +2 cloak {Stlth+}
rCorr    .         Rampage  .   (no gloves)
Will     +....                  n - +0 pair of boots
Stlth    +++.......             (no amulet)
HPRegen  0.21/turn              d - ring of fire
MPRegen  0.15/turn              (no ring)

@: no status effects
A: breathe power, AC +6, unfitting armour, cold-blooded
a: Breathe Dispelling Energy, Renounce Religion


You were on level 6 of the Dungeon.
You worshipped Vehumet.
Vehumet was noncommittal.
You visited 2 branches of the dungeon, and saw 7 of its levels.

You collected 300 gold pieces.

Inventory:

Hand Weapons
 a - a +2 short sword of venom
 b - a +3 quarterstaff of chaos (weapon)
 h - a +0 vorpal falchion
Missiles
 j - 2 javelins (quivered)
Armour
 k - a +2 cloak of stealth (worn)
 n - a +0 pair of boots (worn)
Jewellery
 d - a ring of fire (left hand)
Scrolls
 c - 2 scrolls of fear
 e - 2 scrolls of silence
 g - a scroll of brand weapon
 i - 3 scrolls of enchant armour
 l - a scroll of fog
 m - a scroll of blinking
Potions
 o - 2 potions of attraction


   Skills:
 - Level 5.0 Fighting
 - Level 2.0 Dodging
 - Level 2.0 Stealth
 - Level 6.0 Spellcasting
 - Level 6.0 Conjurations
 + Level 3.1 Hexes
 - Level 5.0 Translocations


You had 8 spell levels left.
You knew the following spells:

 Your Spells              Type           Power      Damage    Failure   Level
a - Magic Dart            Conj           100%       1d8       1%          1
b - Searing Ray           Conj           60%        3d5       1%          2
c - Iskenderun's Mystic   Conj/Tloc      28%        2d7       11%         4
d - Fulminant Prism       Conj/Hex       12%        3d9       16%         4

Your spell library contained the following spells:

 Spells                   Type           Power      Damage    Failure   Level
 Dazzling Flash           Conj/Hex       48%        N/A       4%          3
 Beastly Appendage        Tmut           12%        N/A       11%         1
 Freeze                   Ice            24%        1d5       11%         1
 Wereblood                Tmut           6%         N/A       16%         2
 Inner Flame              Hex/Fire       18%        N/A       16%         3
 Cause Fear               Hex            9%         N/A       28%         4
 Frozen Ramparts          Ice            12%        1d3       30%         3
 Ozocubu's Armour         Ice            6%         N/A       30%         3
 Spider Form              Tmut/Pois      3%         N/A       30%         3
 Hailstorm                Conj/Ice       18%        3d6       30%         4
 Alistair's Intoxication  Tmut/Pois      4%         N/A       96%         5
 Discord                  Hex            9%         N/A       100%        8


Dungeon Overview and Level Annotations

Branches:
Dungeon (6/15)             Temple (1/1) D:5

Altars:
Ashenzari
Dithmenos
Gozag
Kikubaaqudgha
Makhleb
Nemelex Xobeh
Ru
Sif Muna
Vehumet
Wu Jian
Xom
Yredelemnul
Zin
The Shining One

Shops:
D:1 ?


Innate Abilities, Weirdness & Mutations

You can breathe bolts of dispelling energy.
Your rich purple scales are hard. (AC +6)
You cannot fit into any form of body armour.
You are cold-blooded and may be slowed by cold attacks.


Message History

Aiming: Searing Ray (safe; 1% risk of failure)
Press: ? - help, Shift-Dir - straight line, f - komodo dragon
Aim: a komodo dragon (wandering, hasn't noticed you, 85% to hit)
Okay, then.
Throw: 4 javelins
Press: ? - help, Q - select action, (/) - cycle Shift-Dir - straight line, f - komodo dragon
Aim: a komodo dragon (wandering, hasn't noticed you, 64% to hit)
You throw a javelin.
The javelin pierces through the komodo dragon but does no damage.
Throw: 3 javelins
Press: ? - help, Q - select action, (/) - cycle Shift-Dir - straight line, f/p - komodo dragon
Aim: a komodo dragon (64% to hit)
You throw a javelin.
The javelin barely misses the komodo dragon.
You hit the komodo dragon.
The komodo dragon is lightly wounded.
The komodo dragon bites you!
You hit the komodo dragon.
The komodo dragon is poisoned.
You tail-slap the komodo dragon, but do no damage.
The komodo dragon is lightly wounded.
The komodo dragon barely misses you. The komodo dragon misses you.
You hit the komodo dragon. You drain the komodo dragon.
The komodo dragon is moderately wounded.
The komodo dragon bites you!!
You hit the komodo dragon but do no damage.
The komodo dragon is moderately wounded.
The komodo dragon bites you!!
* * * LOW HITPOINT WARNING * * *
You sock the komodo dragon!
The komodo dragon is heavily wounded.
The komodo dragon bites you!
* * * LOW HITPOINT WARNING * * *
Okay, then.
Casting: Searing Ray (safe; 1% risk of failure)
Confirm with . or Enter, or press ? or * to list all spells.
You erupt in a blast of force!
The mystic blast hits the komodo dragon.
The komodo dragon is severely wounded.
The komodo dragon bites you!
You die...

#...........#
#.
#.######...(#
#. #§≈≈§≈....#
...
#≈≈§≈..####
...# #≈≈≈§.##
#... ###≈≈≈..#
#..
.####≈§≈§..##
..≈§≈≈≈...##
(.....l@###
..####.......#
+.......+
#..).)..#
#....)).#
#.......#
#########


You could see a komodo dragon (poisoned, drained).

Vanquished Creatures
  A water moccasin (D:5)
  A necrophage (D:4)
  2 ogres
  A wyvern zombie (D:4)
  A scorpion (D:5)
  A wight (D:4)
  A bullfrog zombie (D:4)
  A centaur zombie (D:4)
  A human zombie (D:4)
  A jelly (D:5)
  A gnoll shaman (D:6)
  An orc priest (D:4)
  Crazy Yiuf (D:2)
  3 hounds
  Terence (D:2)
  Jessica (D:2)
  A centaur skeleton (D:2)
  2 scorpion zombies
  5 orc wizards
  3 hound zombies (D:4)
  A mummy (D:4)
  Robin (D:2)
  4 gnolls (D:6)
  7 adders
  3 adder zombies (D:4)
  2 worms
  A dart slug (D:2)
  16 orcs
  7 endoplasms
  4 giant cockroaches
  17 goblins
  10 hobgoblins
  3 kobolds
  3 quokkas
  12 ball pythons
  4 bats
  4 frilled lizards
  2 rats
131 creatures vanquished.

Vanquished Creatures (others)
  4 fulminant prisms
4 creatures vanquished.

Grand Total: 135 creatures vanquished

Notes
Turn   | Place    | Note
-------+----------+-------------------------------------------
     0 | D:1      | hawla the Draconian Conjurer began the quest for the Orb.
     0 | D:1      | Reached XP level 1. HP: 14/14 MP: 3/3
   261 | D:1      | Reached XP level 2. HP: 22/22 MP: 0/5
   380 | D:1      | Found Eggur's Magic Scroll Boutique.
   942 | D:1      | Learned a level 2 spell: Searing Ray
   997 | D:1      | Reached skill level 1 in Fighting
  1183 | D:2      | Reached skill level 1 in Translocations
  1244 | D:2      | Noticed Jessica
  1249 | D:2      | Killed Jessica
  1250 | D:2      | Reached XP level 3. HP: 28/28 MP: 0/6
  1375 | D:2      | Found a faded altar of an unknown god.
  1392 | D:2      | Reached XP level 4. HP: 36/36 MP: 1/7
  1491 | D:2      | Learned a level 4 spell: Iskenderun's Mystic Blast
  1581 | D:2      | Noticed Terence
  1669 | D:2      | Found a runed translucent door.
  1675 | D:2      | Killed Terence
  1793 | D:2      | Noticed Crazy Yiuf
  1832 | D:2      | Noticed Robin
  1878 | D:2      | Killed Robin
  1879 | D:2      | Reached XP level 5. HP: 36/41 MP: 2/9
  2096 | D:2      | Got the Compendium of the Noxious Glacier
  2761 | D:2      | Killed Crazy Yiuf
  3395 | D:3      | Reached XP level 6. HP: 51/51 MP: 10/10
  3498 | D:3      | Reached skill level 5 in Conjurations
  3614 | D:3      | Found a glowing golden altar of the Shining One.
  4614 | D:4      | Your scales start taking on a rich purple colour.
  4614 | D:4      | Reached XP level 7. HP: 39/58 MP: 2/13
  5241 | D:4      | Found a glowing silver altar of Zin.
  5369 | D:4      | Found a basalt altar of Yredelemnul.
  5435 | D:4      | Reached skill level 5 in Spellcasting
  5675 | D:5      | Entered Level 5 of the Dungeon
  5690 | D:5      | Learned a level 4 spell: Fulminant Prism
  6023 | D:5      | Reached skill level 1 in Hexes
  6023 | D:5      | Reached XP level 8. HP: 60/67 MP: 3/16
  6259 | D:5      | Found a staircase to the Ecumenical Temple.
  6428 | Temple   | Entered the Ecumenical Temple
  6495 | Temple   | Became a worshipper of Vehumet
  6537 | D:5      | Reached skill level 5 in Fighting
  6730 | D:5      | Found a burning altar of Makhleb.
  7174 | D:6      | Reached skill level 5 in Translocations
  7185 | D:6      | Noticed a komodo dragon
  7191 | D:6      | HP: 3/68 [komodo dragon (11)]
  7192 | D:6      | Slain by a komodo dragon

Illustrated notes

Levels and vault maps discovered:
D:1:      sevenhm_arrival_forest_fort_small_6, layout_basic, serial_shops, shop,
          amcnicky_mini_rare_corridor_liquid, lemuel_another_geyser
D:2:      layout_basic, chequers_ecumenical_altar_island, solitary_fountain,
          wander_ebering_terrifying_dragon_lair, uniq_terence, uniq_jessica,
          uniq_crazy_yiuf_cottage, uniq_robin
D:3:      layout_basic, mainiacjoe_overflow_chevrons, serial_rivers,
          chequers_serial_rivers_micro_a, chequers_serial_rivers_marsh,
          chequers_serial_rivers_room_a, chequers_serial_rivers_room_a,
          chequers_serial_rivers_marsh, chequers_serial_rivers_small_3
D:4:      layout_loops_ring, lemuel_mausoleum_altar_yredelemnul,
          kennysheep_mini_moat, minmay_misc_feat_hallway
D:5:      layout_loops_ring, mainiacjoe_overflow_alcove_4,
          minmay_temple_entry_fiery
D:6:      layout_basic, lemuel_coloured_pillars_altar, lemuel_tele_altar,
          ebering_ghost_rock_garden, minivault_25, grunt_decor_junction,
          uniq_grinder, uniq_pikel
Temple:   eino_temple_lava

Skill      XL: |  1  2  3  4  5  6  7  8 |
---------------+-------------------------+-----
Stealth        | 2 |  2.0
Dodging        | 2 |  2.0
Fighting       | 1 2 3 4 5 |  5.0
Translocations | 1 2 3 4 5 |  5.0
Spellcasting   | 3 4 5 6 |  6.0
Conjurations   | 5 6 |  6.0
Hexes          | 1 3 |  3.1

Action                   |  1- 3 |  4- 6 |  7- 9 || total
-------------------------+-------+-------+-------++-------
Melee: Falchion          |     7 |    76 |       ||    83
       Unarmed           |     7 |       |       ||     7
       Tailslap          |     2 |    12 |    17 ||    31
       Quarterstaff      |       |    65 |    20 ||    85
       Short sword       |       |    33 |    98 ||   131
Throw: Javelin           |       |       |     2 ||     2
 Cast: Magic Dart        |    37 |    10 |       ||    47
       Searing Ray       |     2 |    17 |    20 ||    39
       Iskenderun's Myst |       |     6 |     6 ||    12
       Fulminant Prism   |       |       |     4 ||     4
  Use: Potion            |       |     6 |       ||     6
       Scroll            |       |     6 |     4 ||    10
 Stab: Sleeping          |       |    10 |     5 ||    15
       Distracted        |       |     1 |       ||     1
Armor: Skin              |     5 |    90 |    61 ||   156
Dodge: Dodged            |    14 |   138 |    73 ||   225
       Rpst.: Falchion   |     5 |    14 |       ||    19
